 Dungeon Crawl Stone Soup version 0.21.0-3-g78d12a8bdd (webtiles) character file.

4501 Kublaii the Grappler (level 10, -8/96 HPs)
             Began as a Troll Monk on Jan 12, 2018.
             Was an Elder of Okawaru.
             Mangled by a four-headed hydra (9 damage)
             ... on level 9 of the Dungeon on Jan 17, 2018.
             The game lasted 00:51:43 (6042 turns).

Kublaii the Grappler (Troll Monk)                   Turns: 6042, Time: 00:51:45

Health: -8/96      AC:  8    Str: 23    XL:     10   Next: 16%
Magic:  7/12       EV: 12    Int:  6    God:    Okawaru [****..]
Gold:   384        SH:  0    Dex: 13    Spells: 8/9 levels left

rFire    . . .     SeeInvis .     - Unarmed
rCold    + . .     Gourm    +   (no shield)
rNeg     . . .     Faith    .   m - +2 robe {rC+}
rPois    .         Spirit   .   (helmet restricted)
rElec    .         Reflect  .   w - +0 cloak
rCorr    +         Harm     .   (gloves unavailable)
MR       .....                  (boots unavailable)
Stlth    ++........             (no amulet)
HPRegen  0.66/turn              h - +3 ring of slaying
MPRegen  0.13/turn              y - ring of resist corrosion

@: finesse
A: large, unfitting armour, claws 3, fast metabolism 3, gourmand, regeneration
1, shaggy fur 1, tough skin 2
a: Heroism, Renounce Religion


You were on level 9 of the Dungeon.
You worshipped Okawaru.
Okawaru was greatly pleased with you.
You were completely stuffed.

You visited 1 branch of the dungeon, and saw 9 of its levels.
You also visited: Sewer.

You collected 384 gold pieces.

Inventory:

Hand Weapons
 v - the +11 scythe "Noguvearo" {freeze, rC++ rN+ Int-4 Stlth+}
   (You found it on level 4 of the Dungeon)

   It has been specially enchanted to freeze those struck by it, causing extra
   injury to most foes and up to half again as much damage against particularly
   susceptible opponents.
   It can also slow down cold-blooded creatures.
   It affects your intelligence (-4).
   It greatly protects you from cold.
   It protects you from negative energy.
   It makes you more stealthy.
Missiles
 d - 4 javelins
 i - 4 silver tomahawks
 G - 6 tomahawks (quivered)
 M - 4 large rocks
Armour
 m - a +2 robe of cold resistance (worn)
 w - a +0 cloak (worn)
Jewellery
 h - a +3 ring of slaying (left claw)
 s - an uncursed ring of protection from fire
 y - a ring of resist corrosion (right claw)
 D - an uncursed amulet of harm
Wands
 l - a wand of flame (51)
 t - a wand of acid (1)
Scrolls
 f - a scroll of fear {unknown}
 g - a scroll of immolation
 j - 5 scrolls of identify
 k - a scroll of enchant weapon {unknown}
 p - a scroll of summoning {unknown}
 x - a scroll of magic mapping {unknown}
 B - 3 scrolls of teleportation
 C - a scroll of remove curse
 E - a scroll of blinking
 F - a scroll of random uselessness {unknown}
 J - a scroll of torment {unknown}
Potions
 a - a potion of lignification {unknown}
 c - a potion of might {unknown}
 n - 4 potions of heal wounds
 o - 3 potions of curing {unknown}
 q - a potion of invisibility {unknown}
 r - 2 potions of cancellation {unknown}
 u - a potion of ambrosia {unknown}
 z - a potion of berserk rage {unknown}
 A - a potion of haste {unknown}
 H - a potion of mutation {unknown}
 I - a potion of flight {unknown}
 L - a potion of resistance {unknown}
Books
 e - a book of Cantrips

   Spells                             Type                      Level
   a - Confusing Touch                Hexes                        1
   b - Animate Skeleton               Necromancy                   1
   c - Summon Small Mammal            Summoning                    1
   d - Apportation                    Translocation                1
 K - a book of Flames

   Spells                             Type                      Level
   a - Flame Tongue                   Conjuration/Fire             1
   b - Throw Flame                    Conjuration/Fire             2
   c - Conjure Flame                  Conjuration/Fire             3
   d - Inner Flame                    Hexes/Fire                   3
   e - Sticky Flame                   Conjuration/Fire             4
   f - Fireball                       Conjuration/Fire             5
Comestibles
 b - 19 rations
 N - 10 chunks of flesh


   Skills:
 - Level 5.0 Fighting
 - Level 6.0 Throwing
 - Level 5.0 Dodging
 - Level 1.0 Stealth
 + Level 9.4 Unarmed Combat
 + Level 1.7 Hexes
 - Level 5.1 Invocations


You had 8 spell levels left.
You knew the following spells:

 Your Spells              Type           Power        Failure   Level  Hunger
a - Confusing Touch       Hex            #.....       24%         1    ##.....


Dungeon Overview and Level Annotations

Branches:
Dungeon (9/15)             Temple (0/1) D:7
   Lair: D:8-11         Orc: D:9-12

Altars:
Cheibriados
Dithmenos
Fedhas
Gozag
Makhleb
Nemelex Xobeh
Okawaru
Qazlal
Vehumet

Shops:
D:5 :

Annotations:
D:5 manual of fighting 1656


Innate Abilities, Weirdness & Mutations

You are too large for most types of armour.
You have claws for hands.
Your metabolism is lightning-fast.
You like to eat raw meat.
Your natural rate of healing is unusually fast.
You are covered in fur. (AC +1)
You have very tough skin. (AC +2)


Message History

* * * LOW HITPOINT WARNING * * *
The four-headed hydra bites you!
* * * LOW HITPOINT WARNING * * *
You can now deal lightning-fast blows.
You can no longer speed up your combat.
Okawaru will no longer gift you equipment.
The four-headed hydra bites you.
* * * LOW HITPOINT WARNING * * *
The four-headed hydra bites you but does no damage.
The four-headed hydra bites you!
* * * LOW HITPOINT WARNING * * *
The four-headed hydra closely misses you.
You feel much better. The four-headed hydra bites you.
* * * LOW HITPOINT WARNING * * *
The four-headed hydra bites you!
* * * LOW HITPOINT WARNING * * *
The four-headed hydra bites you.
* * * LOW HITPOINT WARNING * * *
The four-headed hydra bites you!
You die...

+....+ #...##
#####...# #.......#
#.......#
##+####'########.
##########..........
#....K'%.#..........
#...@D#.)#..........
##'''###+#..........
#.....P≈.#..†.#####.
#.....≈≈P#....#...#
#..P..P)≈#....'.>.#
#......≈P#....#...#
#(≈(≈.≈PP#....#...#
####)#####....#...#
#.....#.....#...#


You could see a four-headed hydra and a big kobold.

Vanquished Creatures
  The ghost of Syrinius the Skirmisher, a novice OpWn of Sif Muna (D:5)
  2 dream sheep (D:9)
  Sigmund (D:4)
  A wyvern (D:9)
  2 yaks (D:9)
  Menkaure (D:5)
  Edmund (D:4)
  2 water moccasins
  2 orc warriors
  Purgy (Sewer)
  3 sky beasts
  A phantom (D:7)
  6 ogres
  2 centaurs
  A crocodile (D:7)
  2 big kobolds (D:9)
  A bullfrog (D:6)
  A scorpion (D:5)
  3 howler monkeys
  6 crimson imps
  2 bullfrog zombies
  A hound (D:7)
  An orc priest (D:8)
  2 orc wizards
  4 bullfrog skeletons
  A jelly (D:7)
  An iguana (D:8)
  Jessica (D:2)
  A centaur skeleton (D:4)
  Ijyb (D:3)
  Terence (D:2)
  7 worker ants
  A hound skeleton (D:8)
  A hound zombie (D:6)
  Robin (D:2)
  A gnoll (D:1)
  8 adders
  A river rat (D:5)
  A shadow imp (D:7)
  2 oozes (D:5)
  2 adder skeletons
  4 worms
  5 dart slugs
  4 leopard geckos
  15 orcs
  8 bats
  7 giant cockroaches
  15 goblins
  9 hobgoblins
  20 jackals
  10 kobolds
  2 quokkas
  3 frilled lizards
  A quokka skeleton (D:5)
  11 rats
  3 plants (D:5)
198 creatures vanquished.

Notes
Turn   | Place    | Note
-------+----------+-------------------------------------------
     0 | D:1      | Kublaii the Troll Monk began the quest for the Orb.
     0 | D:1      | Reached XP level 1. HP: 22/22 MP: 0/0
   140 | D:1      | Reached skill level 1 in Throwing
   140 | D:1      | Reached XP level 2. HP: 29/29 MP: 1/1
   282 | D:1      | Reached XP level 3. HP: 36/36 MP: 2/2
   824 | D:2      | Noticed Jessica
   827 | D:2      | Killed Jessica
   827 | D:2      | Reached skill level 4 in Unarmed Combat
   827 | D:2      | Reached XP level 4. HP: 34/44 MP: 3/3
   861 | D:2      | Noticed Robin
   877 | D:2      | Noticed Terence
   914 | D:2      | Killed Terence
   951 | D:2      | Killed Robin
   959 | D:2      | Reached XP level 5. HP: 46/50 MP: 4/4
  1263 | D:2      | Found a blossoming altar of Fedhas.
  1680 | D:3      | Noticed Ijyb
  1686 | D:3      | Killed Ijyb
  1768 | D:3      | Reached skill level 5 in Unarmed Combat
  2314 | D:4      | Reached XP level 6. HP: 58/59 MP: 5/5
  2525 | D:4      | Noticed an orc warrior
  2540 | D:4      | Killed an orc warrior
  2540 | D:4      | Reached XP level 7. HP: 58/68 MP: 6/6
  2604 | D:4      | Reached skill level 5 in Throwing
  2621 | D:4      | Noticed Edmund
  2636 | D:4      | Killed Edmund
  2646 | D:4      | Noticed Sigmund
  2661 | D:4      | Killed Sigmund
  2673 | D:4      | Got a steaming scythe
  2727 | D:4      | Identified the +11 scythe "Noguvearo" {freeze, rC++ rN+ Int-4 Stlth+} (You found it on level 4 of the Dungeon)
  2776 | D:4      | Found an iron altar of Okawaru.
  2785 | D:4      | Became a worshipper of Warmaster Okawaru
  2785 | D:4      | Reached * piety under Okawaru
  2785 | D:4      | Reached ** piety under Okawaru
  2856 | D:4      | Found a stormy altar of Qazlal.
  2995 | D:5      | Entered Level 5 of the Dungeon
  2995 | D:5      | Noticed Menkaure
  2999 | D:5      | Killed Menkaure
  2999 | D:5      | Reached skill level 5 in Fighting
  2999 | D:5      | Reached XP level 8. HP: 80/80 MP: 4/7
  3151 | D:5      | Noticed Syrinius's ghost (novice OpWn)
  3155 | D:5      | Killed Syrinius's ghost
  3159 | D:5      | Found an opulent altar of Gozag.
  3219 | D:5      | Found a glowing drain.
  3227 | Sewer    | Entered a sewer
  3270 | Sewer    | Noticed Purgy
  3276 | Sewer    | Killed Purgy
  3276 | Sewer    | Reached skill level 6 in Unarmed Combat
  3409 | D:5      | Reached *** piety under Okawaru
  3448 | D:5      | Found a burning altar of Makhleb.
  3636 | D:5      | Found Jiesu's Book Shoppe.
  3931 | D:6      | Reached skill level 7 in Unarmed Combat
  3931 | D:6      | Reached XP level 9. HP: 88/88 MP: 8/8
  4059 | D:6      | Reached skill level 1 in Invocations
  4075 | D:6      | Found a sparkling altar of Nemelex Xobeh.
  4332 | D:6      | Found a snail-covered altar of Cheibriados.
  4333 | D:6      | Found a shadowy altar of Dithmenos.
  4537 | D:6      | Reached skill level 5 in Dodging
  4863 | D:7      | You fall through a shaft!
  4873 | D:8      | Found a radiant altar of Vehumet.
  5078 | D:7      | Reached **** piety under Okawaru
  5116 | D:7      | Found a staircase to the Ecumenical Temple.
  5179 | D:8      | Reached skill level 8 in Unarmed Combat
  5366 | D:8      | Learned a level 1 spell: Confusing Touch
  5960 | D:9      | Reached skill level 5 in Invocations
  5986 | D:9      | Reached skill level 9 in Unarmed Combat
  5989 | D:9      | Received a gift from Okawaru
  5989 | D:9      | Reached XP level 10. HP: 84/96 MP: 12/12
  6001 | D:9      | Reached skill level 1 in Hexes
  6006 | D:9      | Reached ***** piety under Okawaru
  6034 | D:9      | Noticed a three-headed hydra
  6041 | D:9      | HP: 3/96 [four-headed hydra (13)]
  6042 | D:9      | HP: 1/96 [four-headed hydra (1)]
  6042 | D:9      | Mangled by a four-headed hydra

Skill      XL: |  1  2  3  4  5  6  7  8  9 10 |
---------------+-------------------------------+-----
Throwing       | 1 2 3 4 5 6 |  6.0
Unarmed Combat | 4 5 7 9 |  9.4
Fighting       | 3 5 |  5.0
Dodging        | 4 5 |  5.0
Invocations    | 5 |  5.1
Hexes          | 1 |  1.7
Stealth        | |  1.0

Action                   |  1- 3 |  4- 6 |  7- 9 | 10-12 || total
-------------------------+-------+-------+-------+-------++-------
Melee: Unarmed           |    62 |   152 |   252 |    19 ||   485
       Punch             |       |     3 |    11 |     2 ||    16
Throw: Javelin           |    11 |    26 |    35 |       ||    72
       Tomahawk          |       |       |     3 |       ||     3
Invok: Heroism           |       |       |     3 |       ||     3
       Finesse           |       |       |       |     1 ||     1
Evoke: Wand              |       |       |     4 |       ||     4
  Use: Scroll            |       |     5 |     4 |       ||     9
       Potion            |       |       |     1 |     2 ||     3
 Stab: Sleeping          |     2 |     2 |     5 |       ||     9
  Eat: Chunk             |    11 |    17 |    32 |     1 ||    61
Armor: Robe              |    28 |    42 |    80 |     2 ||   152
Dodge: Dodged            |    27 |    70 |   120 |     9 ||   226
